 Dungeon Crawl Stone Soup version 0.27-a0-333-gfa571bf19a (webtiles) character file.

Game seed: 4982231162180488728

29803 timneilson the Blocker (level 13, -6/80 HPs)
             Began as a Gargoyle Fighter on Feb 13, 2021.
             Was the Champion of Okawaru.
             Splashed by a lich's acid (13 damage)
             ... on level 1 of the Abyss.
             The game lasted 00:29:12 (12964 turns).

timneilson the Blocker (Gargoyle Fighter)          Turns: 12964, Time: 00:29:13

Health: -6/80      AC: 34    Str: 29    XL:     13   Next: 47%
Magic:  18/18      EV:  7    Int: 11    God:    Okawaru [******]
Gold:   988        SH: 14    Dex:  9    Spells: 12/12 levels left

rFire    . . .     SeeInvis .   K - +0 double sword
rCold    . . .     Faith    .   c - +1 kite shield
rNeg     + . .     Spirit   .   k - +0 plate armour
rPois    ∞         Reflect  .   i - +0 helmet
rElec    +         Harm     .   F - +1 cloak
rCorr    .         Rampage  .   E - +1 pair of gloves
Will     .....                  D - +1 pair of boots
Stlth    ..........             n - amulet of regeneration
HPRegen  0.63/turn              j - +4 ring of protection
MPRegen  0.16/turn              p - +6 ring of strength

@: corroded, slowed, very slow
A: negative energy resistance 1, electricity resistance, unbreathing,
petrification resistance, miasma immunity, AC +9
a: Renounce Religion, Heroism, Finesse


You were on level 1 of the Abyss.
You worshipped Okawaru.
Okawaru was exalted by your worship.
You visited 2 branches of the dungeon, and saw 14 of its levels.
You visited the Abyss 1 time.
You also visited: Sewer and Ossuary.

You collected 988 gold pieces.

Inventory:

Hand Weapons
 H - a +1 scimitar of flaming
 K - a +0 double sword (weapon)
Armour
 c - a +1 kite shield (worn)
 i - a +0 helmet (worn)
 k - a +0 plate armour (worn)
 D - a +1 pair of boots (worn)
 E - a +1 pair of gloves (worn)
 F - a +1 cloak (worn)
Jewellery
 j - a +4 ring of protection (left hand)
 n - an amulet of regeneration (around neck)
 o - a ring of willpower
 p - a +6 ring of strength (right hand)
 x - a ring of willpower
 I - an amulet of reflection {unknown}
 J - the ring of the Shining Light {rF- rN+++ EV+4 Int+4 Stlth+}
   (You found it on level 8 of the Dungeon)

   [ring of evasion]

   It affects your evasion (+4).
   It affects your intelligence (+4).
   It makes you vulnerable to fire.
   It renders you almost immune to negative energy.
   It makes you more stealthy.
 N - a ring of fire
Wands
 m - a wand of charming (9)
 C - a wand of flame (17)
 G - a wand of digging (6)
 L - a wand of paralysis (18)
 M - a wand of polymorph (9)
 R - a wand of random effects (16)
Scrolls
 b - 3 scrolls of teleportation
 d - 5 scrolls of enchant weapon
 g - 3 scrolls of amnesia
 q - 2 scrolls of summoning
 r - 2 scrolls of magic mapping
 y - 3 scrolls of blinking
 z - 4 scrolls of fear
 O - a scroll of enchant armour
 P - a scroll of identify
Potions
 e - 7 potions of magic
 f - a potion of mutation {unknown}
 h - a potion of attraction
 l - 2 potions of cancellation
 s - 6 potions of curing
 t - 3 potions of berserk rage
 u - a potion of resistance {unknown}
 v - a potion of heal wounds
 w - a potion of ambrosia {unknown}
 A - 3 potions of brilliance
 B - a potion of haste {unknown}


   Skills:
 + Level 9.4 Fighting
 * Level 10.5 Long Blades
 * Level 12.4 Armour
 * Level 12.5 Shields
 + Level 6.7 Invocations
 + Level 5.5 Evocations


You had 12 spell levels left.
You didn't know any spells.
Your spell library contained the following spells:

 Spells                   Type           Power        Failure   Level
 Sandblast                Erth           0%           97%         1
 Passwall                 Tmut/Erth      0%           99%         2
 Stone Arrow              Conj/Erth      0%           100%        3
 Petrify                  Tmut/Erth      0%           100%        4
 Lee's Rapid Deconstruct  Erth           0%           100%        5


Dungeon Overview and Level Annotations

Branches:
Dungeon (13/15)            Temple (1/1) D:6            Lair (0/6) D:9
    Orc (0/2) D:11          Sewer (visited)         Ossuary (visited)
 Vaults: D:13-14

Altars:
Ashenzari
Cheibriados
Dithmenos
Elyvilon
Fedhas
Gozag
Hepliaklqana
Kikubaaqudgha
Makhleb
Nemelex Xobeh
Okawaru
Qazlal
Ru
Sif Muna
Trog
Uskayaw
Vehumet
Wu Jian
Xom
Yredelemnul
Zin
The Shining One

Shops:
D:6 =   D:10 *   D:12 *=

Annotations:
D:13 Sonja


Innate Abilities, Weirdness & Mutations

You are resistant to torment.
Your stone body is resilient. (AC +9)
You are immune to poison.
You resist negative energy. (rN+)
You are resistant to electric shocks. (rElec)
You can survive without breathing.
You are immune to petrification.
You are immune to miasma.


Message History

The lich touches you but does no damage.
You slash the lich!
The lich is heavily damaged.
The lich gestures at you while chanting.
The bolt of acid hits you!!
You are splashed with acid!
* * * LOW HITPOINT WARNING * * *
You closely miss the lich.
The lich is heavily damaged.
The lich touches you but does no damage.
You slice the lich!!
The lich is severely damaged.
The lich touches you but does no damage.
You closely miss the lich.
The lich is severely damaged.
The lich casts a spell at you. The bolt of acid hits you!
* * * LOW HITPOINT WARNING * * *
The acid corrodes you!
You are splashed with acid!
* * * LOW HITPOINT WARNING * * *
You closely miss the lich.
The lich is severely damaged.
The lich touches you but does no damage. x2
You slash the lich!
The lich is severely damaged.
The lich gestures wildly while chanting.
The lich seems to speed up.
Your shield and plate armour prevent you from hitting the lich.
The lich is severely damaged.
The lich touches you but does no damage.
You slash the lich!
The lich is almost destroyed.
The lich gestures at you while chanting.
You feel yourself slow down.
The lich touches you but does no damage.
You hit the lich.
The lich is almost destroyed.
The lich casts a spell at you.
The bolt of acid hits you but does no damage.
You are splashed with acid!
You die...

.#.
..###....###..
. .# #.....#...
.. #.#.
......... ..
##......# . .
#.#...## .
#.#..#.## .
#......## ...
#.#......#.....
...#..@L......
###.#....#.....
.#...###....
.##.#.## #. .
.#..#...
...#.... ##.
.... # .#..


You could see a lich (fast).

Vanquished Creatures
  Snorg (D:13)
  Josephine (D:11)
  A great orb of eyes (D:13)
  A boulder beetle (D:8)
  2 hydras (D:13)
  3 centaur warriors
  Erica (D:8)
  A catoblepas (D:8)
  6 two-headed ogres
  Urug (D:11)
  An unseen horror (D:8)
  An ugly thing (D:13)
  2 cyclopes
  A large abomination (Abyss:1)
  Maurice (D:11)
  3 komodo dragons (D:9)
  3 trolls
  10 slime creatures
  A vampire (D:13)
  A shadow (D:13)
  12 yaks
  7 wraiths
  3 wyverns
  Grum (D:11)
  2 basilisks
  A steam dragon (D:13)
  Menkaure (D:5)
  A soldier ant (D:13)
  2 water moccasins (D:8)
  A swamp drake (D:9)
  2 ice beasts
  2 sky beasts
  An eye of draining (D:11)
  2 necrophages
  10 orc warriors
  4 ogres
  4 wolves (D:11)
  8 centaurs
  2 elf zombies (Ossuary)
  2 kobold brigands
  3 phantoms
  9 bullfrogs
  A small abomination (Abyss:1)
  7 scorpions
  6 killer bees (D:13)
  A howler monkey (D:12)
  20 wights
  3 centaur zombies
  A bullfrog zombie (D:7)
  4 jellies
  3 quasits
  A human zombie (Ossuary)
  5 hounds
  4 orc priests
  2 centaur skeletons
  2 bullfrog skeletons
  4 iguanas
  17 orc wizards
  9 worker ants
  A hound zombie (Ossuary)
  4 mummies (Ossuary)
  Robin (D:3)
  10 adders
  A gnoll (D:1)
  2 shadow imps
  A white imp (D:10)
  2 oozes
  An adder zombie (D:9)
  8 dart slugs
  3 worms
  3 leopard geckos
  76 orcs
  7 giant cockroaches
  2 gnoll zombies (Ossuary)
  11 goblins
  11 hobgoblins
  19 jackals
  22 kobolds
  6 quokkas
  A ball python (Sewer)
  8 bats
  12 frilled lizards
  2 goblin zombies (Ossuary)
  3 kobold zombies (Ossuary)
  A leopard gecko skeleton (D:4)
  9 rats
  A rat zombie (Ossuary)
440 creatures vanquished.

Vanquished Creatures (others)
  A bush (D:5)
  7 plants (Sewer)
8 creatures vanquished.

Grand Total: 448 creatures vanquished

Notes
Turn   | Place    | Note
-------+----------+-------------------------------------------
     0 | D:1      | timneilson the Gargoyle Fighter began the quest for the
                  | Orb.
     0 | D:1      | Reached XP level 1. HP: 14/14 MP: 1/1
   116 | D:1      | Reached XP level 2. HP: 19/19 MP: 2/2
   295 | D:1      | Reached XP level 3. HP: 23/23 MP: 3/3
   809 | D:1      | Reached XP level 4. HP: 28/28 MP: 4/4
  1223 | D:2      | Found a hide-covered altar of Uskayaw.
  1225 | D:2      | Noticed a +0 dagger
  1226 | D:2      | Noticed a +0 dagger
  1725 | D:2      | Found a faded altar of an unknown god.
  1823 | D:3      | Reached XP level 5. HP: 20/33 MP: 5/5
  2378 | D:3      | Found an ancient bone altar of Kikubaaqudgha.
  2395 | D:3      | Noticed Robin
  2407 | D:3      | Killed Robin
  3025 | D:3      | Found a blossoming altar of Fedhas.
  3031 | D:3      | Found a sacrificial altar of Ru.
  3206 | D:4      | Noticed an ogre
  3212 | D:4      | HP: 1/33 [ogre/+0 giant club (16)]
  3213 | D:4      | Killed an ogre
  3214 | D:4      | Reached XP level 6. HP: 1/38 MP: 6/6
  3540 | D:4      | Found an opulent altar of Gozag.
  3713 | D:4      | Reached skill level 5 in Shields
  4036 | D:4      | Found a basalt altar of Yredelemnul.
  4161 | D:5      | Entered Level 5 of the Dungeon
  4199 | D:5      | Reached skill level 5 in Armour
  4265 | D:5      | Found a sand-covered staircase.
  4275 | Ossuary  | Entered an ossuary
  4303 | Ossuary  | Reached XP level 7. HP: 21/44 MP: 7/7
  4656 | D:5      | Noticed Menkaure
  4674 | D:5      | Killed Menkaure
  4694 | D:5      | Reached XP level 8. HP: 29/48 MP: 8/8
  4868 | D:5      | Reached skill level 5 in Fighting
  5111 | D:5      | Reached skill level 5 in Long Blades
  5258 | D:6      | Found a glowing drain.
  5277 | Sewer    | Entered a sewer
  5984 | D:6      | Found a shadowy altar of Dithmenos.
  6202 | D:6      | Reached XP level 9. HP: 44/54 MP: 9/9
  6241 | D:6      | Found a staircase to the Ecumenical Temple.
  6250 | Temple   | Entered the Ecumenical Temple
  6409 | Temple   | Became a worshipper of Warmaster Okawaru
  6743 | D:6      | Found Annoty's Jewellery Emporium.
  7053 | D:7      | Reached * piety under Okawaru
  7537 | D:8      | Noticed Erica
  7552 | D:8      | Paralysed by something for 2 turns
  7578 | D:8      | Killed Erica
  7578 | D:8      | Reached ** piety under Okawaru
  7579 | D:8      | Reached skill level 1 in Invocations
  7579 | D:8      | Reached skill level 1 in Evocations
  7579 | D:8      | Reached XP level 10. HP: 31/61 MP: 9/11
  8129 | D:8      | Reached *** piety under Okawaru
  8171 | D:8      | Found a runed translucent door.
  8172 | D:8      | Found a runed translucent door.
  8207 | D:8      | Noticed a two-headed ogre
  8207 | D:8      | Noticed a catoblepas
  8207 | D:8      | Noticed a boulder beetle
  8208 | D:8      | Noticed a two-headed ogre
  8218 | D:8      | Killed an unseen horror
  8227 | D:8      | Killed a two-headed ogre
  8227 | D:8      | Reached **** piety under Okawaru
  8235 | D:8      | Killed a catoblepas
  8242 | D:8      | Killed a two-headed ogre
  8242 | D:8      | Reached ***** piety under Okawaru
  8243 | D:8      | Reached skill level 10 in Shields
  8243 | D:8      | Reached XP level 11. HP: 39/67 MP: 13/13
  8254 | D:8      | Killed a boulder beetle
  8254 | D:8      | Received a gift from Okawaru
  8255 | D:8      | Reached skill level 10 in Armour
  8266 | D:8      | Got a twitching wooden ring
  8497 | D:8      | Identified the ring of the Shining Light {rF- rN+++ EV+4
                  | Int+4 Stlth+} (You found it on level 8 of the Dungeon)
  8614 | D:9      | Found a sacrificial altar of Ru.
  8929 | D:9      | Found a sacrificial altar of Ru.
  9054 | D:9      | Found a faded altar of an unknown god.
  9054 | D:9      | Found a glowing golden altar of the Shining One.
  9062 | D:9      | Found a shadowy altar of Dithmenos.
  9064 | D:9      | Found a faded altar of an unknown god.
  9066 | D:9      | Found a radiant altar of Vehumet.
  9297 | D:9      | Found a staircase to the Lair.
  9449 | D:10     | Entered Level 10 of the Dungeon
  9720 | D:10     | Noticed a two-headed ogre
  9732 | D:10     | Killed a two-headed ogre
  9976 | D:10     | Found Ykes's Assorted Antiques.
 10342 | D:11     | Noticed Grum
 10370 | D:11     | Killed Grum
 10476 | D:11     | Found a staircase to the Orcish Mines.
 10627 | D:11     | Received a gift from Okawaru
 10630 | D:11     | Reached XP level 12. HP: 74/74 MP: 15/15
 10687 | D:11     | Noticed Josephine
 10702 | D:11     | Killed Josephine
 10705 | D:11     | Reached skill level 5 in Invocations
 10760 | D:11     | Noticed a centaur warrior
 10767 | D:11     | Killed a centaur warrior
 11007 | D:11     | Noticed Urug
 11007 | D:11     | Noticed Maurice
 11023 | D:11     | Killed Urug
 11027 | D:11     | Killed Maurice
 11527 | D:12     | Noticed a centaur warrior
 11535 | D:12     | Killed a centaur warrior
 11535 | D:12     | Received a gift from Okawaru
 11535 | D:12     | Reached ****** piety under Okawaru
 11613 | D:12     | Found Olo Qeyd's Changing Room.
 11701 | D:12     | Found a blossoming altar of Fedhas.
 11935 | D:12     | Noticed a two-headed ogre
 11937 | D:12     | Noticed a two-headed ogre
 11947 | D:12     | Killed a two-headed ogre
 11955 | D:12     | Killed a two-headed ogre
 11959 | D:12     | Found Peik's Jewellery Shop.
 12111 | D:12     | Received a gift from Okawaru
 12464 | D:13     | Noticed Snorg
 12498 | D:13     | Killed Snorg
 12499 | D:13     | Reached skill level 10 in Long Blades
 12507 | D:13     | Reached XP level 13. HP: 40/80 MP: 17/17
 12573 | D:13     | Reached skill level 5 in Evocations
 12779 | D:13     | Received a gift from Okawaru
 12803 | D:13     | Noticed a great orb of eyes
 12831 | D:13     | Killed a great orb of eyes
 12872 | D:13     | Noticed Sonja
 12894 | D:13     | Cast into level 1 of the Abyss (Sonja)
 12949 | Abyss:1  | Noticed a lich
 12959 | Abyss:1  | HP: 3/80 [acid (11)]
 12964 | Abyss:1  | Splashed by a lich's acid

Illustrated notes

Levels and vault maps discovered:
D:1:      dpeg_cavernosity, layout_basic
D:2:      layout_rooms, dancing_weapons_uskayaw, chequers_ecumenical_altar_grove
D:3:      minmay_general_purpose_star, layout_basic,
          nicolae_overflow_hidden_temple, minitemple, grunt_ministairs_15,
          uniq_robin
D:4:      kennysheep_big_flooded_room, layout_rooms, nicolae_gozag_seed_capital,
          marbit_many_paths, serial_rivers, chequers_serial_rivers_small_b,
          chequers_serial_rivers_micro_e, chequers_serial_rivers_micro_e,
          chequers_serial_rivers_small_3
D:5:      layout_basic, nicolae_ossuary_entry_ruins, kb_lookout_dungeons_type,
          grunt_decor_arrowhead, kennysheep_doodads, kennysheep_generic_room_14,
          uniq_menkaure
D:6:      layout_basic, minmay_temple_entry_water_ring,
          cheibrodos_sewer_entry_drain, serial_shops, shop,
          nicolae_dithmenos_shadow_blocks
D:7:      layout_rooms, kb_rosetta
D:8:      minmay_the_grid_triangle_9x9_rhombus_full
          [minmay_the_grid_triangle_9x9_descending_squares,
          minmay_the_grid_triangle_9x9_from_above,
          minmay_the_grid_triangle_9x9_corrupted_corridor,
          minmay_the_grid_triangle_9x9_intruding_spiral,
          minmay_the_grid_triangle_9x9_longest,
          minmay_the_grid_triangle_9x9_tough_junction,
          minmay_the_grid_triangle_9x9_sprig,
          minmay_the_grid_triangle_9x9_prize_center], layout_rooms,
          minmay_door_square, uniq_erica
D:9:      layout_basic, chequers_temple_overflow_minitemple, erik_lair_dragon,
          basic_altar, eino_tiny_chamber, nicolae_ru_sacrificial_ziggurat
D:10:     layout_irregular_city, serial_shops, kennysheep_mini
D:11:     layout_basic, david_orc_2, gauntlet_entry_generic, uniq_maurice,
          uniq_grum, uniq_urug, uniq_josephine
D:12:     layout_roguey, basic_altar, serial_shops, shop, grunt_ministairs_7,
          nicolae_transmutations_shop
D:13:     minmay_bloctagon, layout_basic, david_vaults_5,
          kennysheep_flooded_box, uniq_snorg, uniq_sonja, uniq_nessos,
          uniq_rupert
Temple:   nicolae_temple_figure_eight
Abyss:1:  base:
D:6

Skill      XL: |  1  2  3  4  5  6  7  8  9 10 11 12 13 |
---------------+----------------------------------------+-----
Long Blades    | 2 3 4 5 7 8 9 10 | 10.5
Shields        | 4 5 6 7 9 10 11 12 | 12.5
Armour         | 4 5 6 7 8 9 10 11 12 | 12.4
Fighting       | 4 5 6 7 8 9 |  9.4
Invocations    | 1 3 4 6 |  6.7
Evocations     | 1 2 3 4 5 |  5.5

Action                   |  1- 3 |  4- 6 |  7- 9 | 10-12 | 13-15 || total
-------------------------+-------+-------+-------+-------+-------++-------
Melee: Long sword        |   108 |   292 |   290 |       |       ||   690
       Scimitar          |       |       |   163 |   338 |    15 ||   516
       Double sword      |       |       |       |   442 |   212 ||   654
Invok: Heroism           |       |       |     1 |    14 |     7 ||    22
  Use: Scroll            |       |     8 |     7 |     7 |     1 ||    23
       Potion            |       |     3 |       |     3 |     2 ||     8
 Stab: Petrified         |       |       |       |     5 |       ||     5
Armor: Scale mail        |    93 |   220 |       |       |       ||   313
       Chain mail        |       |   138 |   280 |    72 |       ||   490
       Plate armour      |       |       |       |   383 |   103 ||   486
Dodge: Dodged            |    47 |   123 |   127 |   217 |    43 ||   557
Block: Kite shield       |    91 |   217 |   294 |   587 |   154 ||  1343
       Rpst.: Long sword |    21 |    45 |    23 |       |       ||    89
       Scimitar          |       |       |    11 |    20 |       ||    31
       Double sword      |       |       |       |    33 |    11 ||    44

Table legend: (Time is in decaauts)
 A = Elapsed time spent in this place.
 B = Non-inter-level travel time spent in this place.
 C = Inter-level travel time spent in this place.
 D = Time resting spent in this place.
 E = Time spent auto-exploring this place.
 F = Levels seen in this place.
 G = Mean time per level.
                   A        B        C        D        E       F      G
               +--------+--------+--------+--------+--------+-----+--------+
         Total |  13469 |  13113 |    356 |    324 |   8804 |  17 |  792.3 |
       Dungeon |  12041 |  11695 |    346 |    306 |   7919 |  13 |  926.2 |
        Temple |    232 |    222 |     10 |      0 |    212 |   1 |  232.0 |
         Abyss |     67 |     67 |      0 |      0 |      0 |   1 |   67.0 |
         Sewer |    847 |    847 |      0 |      0 |    535 |   1 |  847.0 |
       Ossuary |    279 |    279 |      0 |     18 |    138 |   1 |  279.0 |
               +--------+--------+--------+--------+--------+-----+--------+

Top non-repeatable levels by time:
     D:3: 1802 daAuts
    D:11: 1136 daAuts
     D:8: 1072 daAuts
     D:1: 1069 daAuts
     D:6: 926 daAuts
     D:9: 925 daAuts
    D:10: 893 daAuts
    D:12: 858 daAuts
   Sewer: 847 daAuts
     D:2: 807 daAuts
     D:5: 756 daAuts
     D:4: 662 daAuts
     D:7: 583 daAuts
    D:13: 546 daAuts
 Ossuary: 279 daAuts
